 Dungeon Crawl Stone Soup version 0.28-a0-1117-g0bdd5ba030 (webtiles) character file.

Game seed: 18189066699707844601

108 siradein the Skirmisher (level 4, -9/37 HPs)
             Began as a Palentonga Fighter on Dec 11, 2021.
             Mangled by an ogre (26 damage)
             ... on level 3 of the Dungeon.
             The game lasted 00:06:00 (3197 turns).

siradein the Skirmisher (Palentonga Fighter)        Turns: 3197, Time: 00:06:01

Health: -9/37      AC:  9    Str: 19    XL:     4   Next: 58%
Magic:  4/4        EV:  9    Int:  8    God:
Gold:   32         SH:  4    Dex: 12    Spells: 3/3 levels left

rFire   . . .      SeeInvis +   a - +0 long sword
rCold   + . .      Faith    .   c - +0 buckler
rNeg    . . .      Spirit   .   h - +1 ring mail {Will+}
rPois   .          Reflect  .   (no helmet)
rElec   .          Harm     .   (no cloak)
rCorr   .          Rampage  .   r - +1 pair of gloves
Will    +....                   (no barding)
Stlth   +.........              k - amulet of regeneration
HPRegen 0.92/turn               q - ring of protection from cold
MPRegen 0.09/turn               (no ring)

@: no status effects
A: large, rugged brown scales 3, see invisible, deformed body, roll 1, armoured
tail
a: Rolling Charge


You were on level 3 of the Dungeon.
You visited 1 branch of the dungeon, and saw 4 of its levels.

You collected 158 gold pieces.
You spent 126 gold pieces at shops.

Inventory:

Hand Weapons
 a - a +0 long sword (weapon)
Missiles
 b - a throwing net
Armour
 c - a +0 buckler (worn)
 h - a +1 ring mail of willpower (worn)
 r - a +1 pair of gloves (worn)
Jewellery
 k - an amulet of regeneration (around neck)
 q - a ring of protection from cold (left hand)
Wands
 o - a wand of charming (4)
Scrolls
 g - a scroll of summoning {unknown}
 i - a scroll of teleportation {unknown}
 l - 2 scrolls of identify {unknown}
 n - a scroll of noise {unknown}
Potions
 d - a potion of might
 e - a potion of brilliance {unknown}
 f - a potion of ambrosia {unknown}
 j - a potion of curing {unknown}
 m - 2 potions of attraction {unknown}
 p - a potion of flight {unknown}


   Skills:
 + Level 3.5 Fighting
 + Level 2.8 Long Blades
 + Level 2.9 Armour
 + Level 1.3 Dodging
 + Level 2.9 Shields


You had 3 spell levels left.
You didn't know any spells.
Your spell library contained the following spells:

 Spells                   Type           Power      Damage    Failure   Level
 Beastly Appendage        Tmut           0%         N/A       58%         1
 Wereblood                Tmut           0%         N/A       73%         2
 Spider Form              Tmut/Pois      0%         N/A       91%         3


Dungeon Overview and Level Annotations

Branches:
Dungeon (4/15)
 Temple: D:4-7

Altars:

Shops:
D:1 [


Innate Abilities, Weirdness & Mutations

You are completely covered in rugged brown scales. (AC +3, +7% HP)
You have supernaturally acute eyesight. (SInv)
Armour fits poorly on your strangely shaped body.
You can roll at nearby foes to attack.
You have a long armoured tail.


Message History

There is a stone staircase leading down here.
You climb downwards.
There is a stone staircase leading up here.
Done exploring.
Done exploring.
Done exploring.
Done exploring.
(D) Dungeon
Where to? (Enter - D:3, ? - help)
What level of the Dungeon? (default 1, ? - help)
There is an open door here.
There is an open door here.
As you open the door, it creaks loudly!
There is an open door here.
There is an open door here.
There is a stone staircase leading down here.
You climb downwards.
There is a stone staircase leading up here.
An ogre comes into view. It is wielding a +0 giant spiked club.
The ogre shouts!
Roll where?
Press: ? - help, Q - select action, (/) - cycle Dir - move target, f - ogre
Aim: an ogre, wielding a +0 giant spiked club You roll forward with a clatter of scales!
You slash the ogre! You tail-slap the ogre!
The ogre is almost dead.
The ogre hits you with a +0 giant spiked club.
You hit the ogre.
The ogre is almost dead.
The ogre hits you with a +0 giant spiked club!!
Ouch! That really hurt!
* * * LOW HITPOINT WARNING * * *
There is a stone staircase leading up here.
The ogre barely misses you.
You climb upwards.
There is a stone staircase leading down here.
The ogre hits you with a +0 giant spiked club!!
Ouch! That really hurt!
You die...

.##.......## ##.##.##
.###.....## #.#### .#
##...## #.# .#####'##
#.# ...# #.# #.#
.#.###.###### #.#
##.##.......# #.#
##.##.#####.# #.#
......# #.####@#
.#..#.# #....O>#
.#..#.# #.######
....#.#####.#
###.#.......#
#.##†######
###.##.#########
....##.#.......#######
######.#.#####.......#


You could see an ogre.

Vanquished Creatures
  4 adders
  A white imp (D:3)
  2 worms
  A dart slug (D:2)
  6 endoplasms
  2 giant cockroaches (D:3)
  7 goblins
  6 hobgoblins
  2 jackals (D:3)
  4 kobolds (D:1)
  2 quokkas
  5 ball pythons
  7 bats
  4 frilled lizards (D:1)
  3 rats
56 creatures vanquished.

Notes
Turn   | Place    | Note
-------+----------+-------------------------------------------
     0 | D:1      | siradein the Palentonga Fighter began the quest for the
                  | Orb.
     0 | D:1      | Reached XP level 1. HP: 19/19 MP: 1/1
   195 | D:1      | Reached XP level 2. HP: 17/25 MP: 2/2
   353 | D:1      | Found Wiugif's Armour Boutique.
   508 | D:1      | Found a faded altar of an unknown god.
  1152 | D:2      | Reached XP level 3. HP: 26/31 MP: 3/3
  1569 | D:2      | Reached skill level 1 in Dodging
  2172 | D:3      | Reached XP level 4. HP: 34/37 MP: 4/4
  3085 | D:1      | Bought a +1 pair of gloves for 126 gold pieces
  3181 | D:4      | Noticed an ogre
  3197 | D:3      | Mangled by an ogre

Illustrated notes

Levels and vault maps discovered:
D:1:      evilmike_arrival_home_sweet_home, layout_basic, serial_shops,
          nicolae_shop_hallway_stairs, shapermc_ecumenical_altar_mp_vishouse
D:2:      layout_basic
D:3:      layout_loops_corners, st_stairs_9
D:4:      minmay_evil_eye, layout_loops_ring

Skill      XL: |  1  2  3 |
---------------+----------+-----
Dodging        | 1 |  1.3
Fighting       | |  3.5
Long Blades    | |  2.8
Armour         | |  2.9
Shields        | |  2.9

Action                   |  1- 3 |  4- 6 || total
-------------------------+-------+-------++-------
Melee: Long sword        |   139 |    56 ||   195
       Tailslap          |    10 |     4 ||    14
 Abil: Rolling Charge    |    31 |    11 ||    42
Armor: Scale mail        |    16 |       ||    16
       Ring mail         |    40 |    22 ||    62
Dodge: Dodged            |    51 |    26 ||    77
Block: Buckler           |    23 |     9 ||    32

Table legend: (Time is in decaauts)
 A = Elapsed time spent in this place.
 B = Non-inter-level travel time spent in this place.
 C = Inter-level travel time spent in this place.
 D = Time resting spent in this place.
 E = Time spent auto-exploring this place.
 F = Levels seen in this place.
 G = Mean time per level.
                   A        B        C        D        E       F      G
               +--------+--------+--------+--------+--------+-----+--------+
         Total |   3252 |   3066 |    186 |      0 |   2615 |   4 |  813.0 |
       Dungeon |   3252 |   3066 |    186 |      0 |   2615 |   4 |  813.0 |
               +--------+--------+--------+--------+--------+-----+--------+

Top non-repeatable levels by time:
     D:1: 1135 daAuts
     D:2: 1058 daAuts
     D:3: 1028 daAuts
     D:4: 30 daAuts
